ESL (28 & UNDER)
RIO GRANDE RATTLESNAKE @ PENQUANNOCK OVERRATED JETER
09/14/2025
 
TOP OF THE 1ST
Rio Grande Rattlesnake batting - Pitching for Penquannock Overrated Jeter : RHP Javier González
Pitching: RHP Javier González
Batting: RHB Javier Rentería 0-0: Ball
1-0: Called Strike
1-1: Fly out, F4 (Line Drive, 4M)
Batting: RHB Luis Sánchez 0-0: SINGLE (Groundball, 5D)
Batting: SHB Douglas Taylor 0-0: Called Strike
0-1: Ball
1-1: Foul Ball, location: 2F
1-2: Foul Ball, location: 2F
1-2: Strikes out looking
Batting: SHB Carlos Reyes 0-0: Swinging Strike
0-1: Swinging Strike
0-2: Ball
1-2: Strikes out looking
Top of the 1st over - 0 run(s), 1 hit(s), 0 error(s), 1 left on base; Rio Grande 0 - Penquannock 0
BOTTOM OF THE 1ST
Penquannock Overrated Jeter batting - Pitching for Rio Grande Rattlesnake : RHP Alfonso Luna
Pitching: RHP Alfonso Luna
Batting: LHB Bill McJannett 0-0: Called Strike
0-1: Foul Ball, location: 2F
0-2: Ball
1-2: Ball
2-2: Ground out 4-3 (Groundball, 4)
Batting: SHB Caden Keith 0-0: Ball
1-0: Called Strike
1-1: Ground out U3 (Groundball, 3)
Batting: SHB Theron Harper 0-0: Called Strike
0-1: Foul Ball, location: 2F
0-2: Ball
1-2: Ball
2-2: Ball
3-2: Base on Balls
Batting: RHB Ignacio Flores 0-0: Ground out 2-3 (Groundball, 25)
Bottom of the 1st over - 0 run(s), 0 hit(s), 0 error(s), 1 left on base; Rio Grande 0 - Penquannock 0
TOP OF THE 2ND
Rio Grande Rattlesnake batting - Pitching for Penquannock Overrated Jeter : RHP Javier González
Batting: SHB Giancarlo Giannini 0-0: Swinging Strike
0-1: Ball
1-1: Ball
2-1: Foul Ball, location: 2F
2-2: Foul Ball, location: 2F
2-2: Ball
3-2: SINGLE (Line Drive, 9LS)
Batting: RHB Jeff Bane 0-0: Called Strike
0-1: Called Strike
0-2: Ball
1-2: Foul Ball, location: 2F
1-2: Ball
Giancarlo Giannini is caught stealing 2nd base
2-2: Foul Ball, location: 2F
2-2: Ball
3-2: Foul Ball, location: 2F
3-2: SINGLE (Groundball, 6MD)
Batting: RHB Christian Hudson 0-0: Called Strike
0-1: Foul Ball, location: 2F
0-2: Ball
1-2: Grounds into double play, 6-4-3 (Groundball, 6)
Top of the 2nd over - 0 run(s), 2 hit(s), 0 error(s), 0 left on base; Rio Grande 0 - Penquannock 0
BOTTOM OF THE 2ND
Penquannock Overrated Jeter batting - Pitching for Rio Grande Rattlesnake : RHP Alfonso Luna
Batting: LHB Ron Robinson 0-0: Ball
1-0: Ball
2-0: Ball
3-0: Base on Balls
Batting: RHB Armando Pagán 0-0: Ball
Ron Robinson is caught stealing 2nd base
1-0: Called Strike
1-1: Called Strike
1-2: Ball
2-2: Foul Ball, location: 2F
2-2: Strikes out looking
Batting: RHB Bernardo Enríquez 0-0: Foul Ball, location: 2F
0-1: Swinging Strike
0-2: Strikes out swinging passed ball, reaches first!
Batting: RHB Arturo Rodríguez 0-0: Ball
1-0: Called Strike
1-1: Called Strike
1-2: Ball
2-2: Strikes out swinging
Bottom of the 2nd over - 0 run(s), 0 hit(s), 0 error(s), 1 left on base; Rio Grande 0 - Penquannock 0
TOP OF THE 3RD
Rio Grande Rattlesnake batting - Pitching for Penquannock Overrated Jeter : RHP Javier González
Batting: RHB Luis Ibarra 0-0: Called Strike
0-1: Swinging Strike
0-2: Strikes out swinging
Batting: RHB Paul Martin 0-0: Ball
1-0: Ball
2-0: Swinging Strike
2-1: Ground out 6-3 (Groundball, 6M)
Batting: RHB Javier Rentería 0-0: Ball
1-0: SINGLE (Flyball, 6MD)
Batting: RHB Luis Sánchez 0-0: Ball
1-0: Foul Ball, location: 2F
1-1: Swinging Strike
1-2: Ball
Javier Rentería steals 2nd base
2-2: DOUBLE (Flyball, 78D)
Javier Rentería scores
Pitching: RHP Santiago González
Batting: SHB Douglas Taylor 0-0: Called Strike
0-1: Ball
1-1: Called Strike
1-2: Foul Ball, location: 2F
1-2: Ball
2-2: Strikes out swinging
Top of the 3rd over - 1 run(s), 2 hit(s), 0 error(s), 1 left on base; Rio Grande 1 - Penquannock 0
BOTTOM OF THE 3RD
Penquannock Overrated Jeter batting - Pitching for Rio Grande Rattlesnake : RHP Alfonso Luna
Batting: SHB Francisco Ávila 0-0: Foul Ball, location: 2F
0-1: Ball
1-1: Called Strike
1-2: Strikes out swinging
Batting: LHB Bill McJannett 0-0: Called Strike
0-1: Called Strike
0-2: Foul Ball, location: 2F
0-2: Strikes out swinging
Batting: SHB Caden Keith 0-0: Swinging Strike
0-1: Ball
1-1: Foul Ball, location: 2F
1-2: Strikes out swinging
Bottom of the 3rd over - 0 run(s), 0 hit(s), 0 error(s), 0 left on base; Rio Grande 1 - Penquannock 0
TOP OF THE 4TH
Rio Grande Rattlesnake batting - Pitching for Penquannock Overrated Jeter : RHP Santiago González
Batting: SHB Carlos Reyes 0-0: Ball
1-0: Foul Ball, location: 2F
1-1: Foul Ball, location: 2F
1-2: Foul Ball, location: 2F
1-2: Foul Ball, location: 2F
1-2: Ball
2-2: Ball
3-2: Base on Balls
Batting: SHB Giancarlo Giannini 0-0: Ball
1-0: Called Strike
1-1: Called Strike
1-2: Ball
2-2: Ball
3-2: Foul Ball, location: 2F
3-2: Strikes out swinging
Batting: RHB Jeff Bane 0-0: Ball
1-0: Fly out, F8 (Flyball, 8LM)
Batting: RHB Christian Hudson 0-0: Called Strike
0-1: Ball
1-1: Foul Ball, location: 2F
1-2: Fielders Choice at 2nd, 5-4 (Groundball, 56)
Top of the 4th over - 0 run(s), 0 hit(s), 0 error(s), 0 left on base; Rio Grande 1 - Penquannock 0
BOTTOM OF THE 4TH
Penquannock Overrated Jeter batting - Pitching for Rio Grande Rattlesnake : RHP Alfonso Luna
Batting: SHB Theron Harper 0-0: Called Strike
0-1: Ball
1-1: Called Strike
1-2: Ball
2-2: Foul Ball, location: 2F
2-2: Foul Ball, location: 2F
2-2: Foul Ball, location: 2F
2-2: SINGLE (Flyball, 7S)
Batting: RHB Ignacio Flores 0-0: Ball
1-0: Foul Ball, location: 2F
1-1: Ball
2-1: Called Strike
2-2: DOUBLE (Flyball, 78M)
Theron Harper to third
Batting: LHB Ron Robinson 0-0: DOUBLE (Line Drive, 89D)
Theron Harper scores
Ignacio Flores scores
Batting: RHB Armando Pagán 0-0: Foul Ball, location: 2F
0-1: Ground out 4-3 (Groundball, 4)
Ron Robinson to third
Batting: RHB Bernardo Enríquez 0-0: Called Strike
0-1: Ball
1-1: Ground out 4-3 (Groundball, 34)
Ron Robinson scores
Batting: RHB Arturo Rodríguez 0-0: Fly out, F5 (Line Drive, 5)
Bottom of the 4th over - 3 run(s), 3 hit(s), 0 error(s), 0 left on base; Rio Grande 1 - Penquannock 3
TOP OF THE 5TH
Rio Grande Rattlesnake batting - Pitching for Penquannock Overrated Jeter : RHP Santiago González
Batting: RHB Luis Ibarra 0-0: Ball
1-0: Foul Ball, location: 2F
1-1: Called Strike
1-2: Foul Ball, location: 2F
1-2: Ball
2-2: Strikes out swinging
Batting: RHB Paul Martin 0-0: Called Strike
0-1: Ball
1-1: Foul Ball, location: 2F
1-2: Ball
2-2: Strikes out looking
Batting: RHB Javier Rentería 0-0: Ground out 4-3 (Groundball, 4)
Top of the 5th over - 0 run(s), 0 hit(s), 0 error(s), 0 left on base; Rio Grande 1 - Penquannock 3
BOTTOM OF THE 5TH
Penquannock Overrated Jeter batting - Pitching for Rio Grande Rattlesnake : RHP Alfonso Luna
Batting: SHB Francisco Ávila 0-0: Fly out, F8 (Flyball, 8LM)
Batting: LHB Bill McJannett 0-0: Called Strike
0-1: Foul Ball, location: 2F
0-2: DOUBLE (Line Drive, 5L)
Batting: SHB Caden Keith 0-0: Ball
1-0: Swinging Strike
1-1: Swinging Strike
1-2: Strikes out looking
Batting: SHB Theron Harper 0-0: Ball
1-0: Called Strike
1-1: Fly out, F7 (Flyball, 7S)
Bottom of the 5th over - 0 run(s), 1 hit(s), 0 error(s), 1 left on base; Rio Grande 1 - Penquannock 3
TOP OF THE 6TH
Rio Grande Rattlesnake batting - Pitching for Penquannock Overrated Jeter : RHP Santiago González
Batting: RHB Luis Sánchez 0-0: Called Strike
0-1: Ball
1-1: Ground out 6-3 (Groundball, 6)
Batting: SHB Douglas Taylor 0-0: Ball
1-0: Fly out, F8 (Line Drive, 8RM)
Batting: SHB Carlos Reyes 0-0: Ball
1-0: Swinging Strike
1-1: Called Strike
1-2: Ball
2-2: Ball
3-2: Strikes out looking
Top of the 6th over - 0 run(s), 0 hit(s), 0 error(s), 0 left on base; Rio Grande 1 - Penquannock 3
BOTTOM OF THE 6TH
Penquannock Overrated Jeter batting - Pitching for Rio Grande Rattlesnake : RHP Alfonso Luna
Batting: RHB Ignacio Flores 0-0: Called Strike
0-1: Foul Ball, location: 2F
0-2: Foul Ball, location: 2F
0-2: Strikes out looking
Batting: LHB Ron Robinson 0-0: Ball
1-0: Called Strike
1-1: Ball
2-1: Ball
3-1: Foul Ball, location: 2F
3-2: Strikes out looking
Batting: RHB Armando Pagán 0-0: Foul Ball, location: 2F
0-1: Ball
1-1: Ball
2-1: Called Strike
2-2: Foul Ball, location: 2F
2-2: Foul Ball, location: 2F
2-2: Ground out 4-3 (Groundball, 13)
Bottom of the 6th over - 0 run(s), 0 hit(s), 0 error(s), 0 left on base; Rio Grande 1 - Penquannock 3
TOP OF THE 7TH
Rio Grande Rattlesnake batting - Pitching for Penquannock Overrated Jeter : RHP Santiago González
Pitching: RHP Joaquín Rojas
Batting: SHB Giancarlo Giannini 0-0: Swinging Strike
0-1: Ball
1-1: Ground out 4-3 (Groundball, 4)
Batting: RHB Jeff Bane 0-0: Called Strike
0-1: Swinging Strike
0-2: Strikes out swinging
Batting: RHB Christian Hudson 0-0: Foul Ball, location: 2F
0-1: Swinging Strike
0-2: Foul Ball, location: 2F
0-2: Strikes out swinging
Top of the 7th over - 0 run(s), 0 hit(s), 0 error(s), 0 left on base; Rio Grande 1 - Penquannock 3
BOTTOM OF THE 7TH
Penquannock Overrated Jeter batting - Pitching for Rio Grande Rattlesnake : RHP Alfonso Luna
Batting: RHB Bernardo Enríquez 0-0: Called Strike
0-1: Ball
1-1: Swinging Strike
1-2: Ball
2-2: Ball
3-2: Strikes out swinging
Pitching: RHP Juan Gutiérrez
Batting: RHB Arturo Rodríguez 0-0: Foul Ball, location: 2F
0-1: Ball
1-1: Ball
2-1: Ball
3-1: Called Strike
3-2: Foul Ball, location: 2F
3-2: Ground out 5-3 (Groundball, 5L)
Batting: SHB Francisco Ávila 0-0: SINGLE (Flyball, 5D)
Batting: LHB Bill McJannett 0-0: Called Strike
Francisco Ávila is caught stealing 2nd base
Bottom of the 7th over - 0 run(s), 1 hit(s), 0 error(s), 0 left on base; Rio Grande 1 - Penquannock 3
TOP OF THE 8TH
Rio Grande Rattlesnake batting - Pitching for Penquannock Overrated Jeter : RHP Joaquín Rojas
Batting: RHB Luis Ibarra 0-0: Called Strike
0-1: Ball
1-1: Foul Ball, location: 2F
1-2: Strikes out swinging
Batting: RHB Paul Martin 0-0: Ball
1-0: Called Strike
1-1: Swinging Strike
1-2: Strikes out swinging
Batting: RHB Javier Rentería 0-0: Called Strike
0-1: Foul Ball, location: 2F
0-2: Ball
1-2: Ball
2-2: Strikes out swinging
Top of the 8th over - 0 run(s), 0 hit(s), 0 error(s), 0 left on base; Rio Grande 1 - Penquannock 3
BOTTOM OF THE 8TH
Penquannock Overrated Jeter batting - Pitching for Rio Grande Rattlesnake : RHP Juan Gutiérrez
Batting: LHB Bill McJannett 0-0: Swinging Strike
0-1: Ball
1-1: Ball
2-1: Foul Ball, location: 2F
2-2: Ball
3-2: Foul Ball, location: 2F
3-2: Base on Balls
Batting: SHB Caden Keith 0-0: Ball
1-0: Foul Ball, location: 2F
1-1: Called Strike
1-2: Ball
2-2: Ball
3-2: Strikes out swinging
Batting: SHB Theron Harper 0-0: Fly out, F7 (Flyball, 78M)
Batting: RHB Ignacio Flores 0-0: Ball
Bill McJannett is caught stealing 2nd base
Bottom of the 8th over - 0 run(s), 0 hit(s), 0 error(s), 0 left on base; Rio Grande 1 - Penquannock 3
TOP OF THE 9TH
Rio Grande Rattlesnake batting - Pitching for Penquannock Overrated Jeter : RHP Joaquín Rojas
Batting: RHB Luis Sánchez 0-0: Called Strike
0-1: Swinging Strike
0-2: SINGLE (Groundball, 56) (infield hit)
Pinch Hitting: LHB Luis Villa 0-0: Called Strike
0-1: Foul Ball, location: 2F
0-2: Ball
1-2: Ball
2-2: Ball
3-2: Strikes out swinging
Batting: SHB Carlos Reyes 0-0: Foul Ball, location: 2F
0-1: Called Strike
0-2: Ball
1-2: Ball
2-2: Fielders Choice at 2nd, 1-6 (Groundball, 13S)
Batting: SHB Giancarlo Giannini 0-0: Ball
1-0: Ball
2-0: Ball
3-0: Called Strike
3-1: Base on Balls
Carlos Reyes to second
Pitching: LHP Héctor Díaz
Pinch Hitting: RHB Billy Mullins 0-0: Foul Ball, location: 2F
0-1: DOUBLE (Line Drive, 5D)
Carlos Reyes scores
Giancarlo Giannini to third
Batting: RHB Christian Hudson 0-0: Ball
1-0: Called Strike
1-1: Ball
2-1: Ball
3-1: Base on Balls
Pinch Hitting: RHB Liangde Que 0-0: Ball
1-0: Ball
2-0: Ball
3-0: Called Strike
3-1: Swinging Strike
3-2: Base on Balls
Giancarlo Giannini scores
Billy Mullins to third
Christian Hudson to second
Batting: RHB Paul Martin 0-0: Foul Ball, location: 2F
0-1: Ball
1-1: Ball
2-1: Foul Ball, location: 2F
2-2: Ball
3-2: SINGLE (Groundball, 5)
Billy Mullins scores
Christian Hudson to third
Liangde Que to second
Christian Hudson scores
Liangde Que to third
Batting: RHB Javier Rentería 0-0: Ball
1-0: Called Strike
1-1: SINGLE (Line Drive, 4MD)
Liangde Que scores
Paul Martin to second
Pitching: RHP Richard Edwards
Batting: RHB Luis Sánchez 0-0: Foul Ball, location: 2F
0-1: 3-RUN HOME RUN (Flyball, 7D), Distance : 387 ft
Batting: LHB Luis Villa 0-0: Ball
1-0: Called Strike
1-1: Fly out, F8 (Flyball, 8LXD)
Top of the 9th over - 8 run(s), 5 hit(s), 0 error(s), 0 left on base; Rio Grande 9 - Penquannock 3
BOTTOM OF THE 9TH
Penquannock Overrated Jeter batting - Pitching for Rio Grande Rattlesnake : RHP Juan Gutiérrez
Now at C: Hollis Wood
Now at 2B: Billy Mullins
Now in LF: Luis Villa
Now in RF: Brian Moyer
Batting: RHB Ignacio Flores 0-0: Called Strike
0-1: Called Strike
0-2: Ball
1-2: Strikes out swinging
Batting: LHB Ron Robinson 0-0: Ball
1-0: Ground out 4-3 (Groundball, 4D)
Batting: RHB Armando Pagán 0-0: Swinging Strike
0-1: Ball
1-1: Ball
2-1: Foul Ball, location: 2F
2-2: Strikes out looking
Bottom of the 9th over - 0 run(s), 0 hit(s), 0 error(s), 0 left on base; Rio Grande 9 - Penquannock 3
This league is powered by Out of the Park Baseball, the baseball management simulation game for PC, Mac and Linux
Tuesday, August 2nd, 2016 - OOTP Baseball 16.8 Build 38